 Dungeon Crawl Stone Soup version 0.30-a0-627-gc11e7ae810 (webtiles) character file.

Game seed: 10503631126742087799

701 Bnni the Sneak (level 7, -4/37 HPs)
             Began as a Vine Stalker Brigand on Jan 12, 2023.
             Was a Follower of Uskayaw.
             Slain by a vampire (6 damage)
             ... on level 6 of the Dungeon.
             The game lasted 00:05:19 (2627 turns).

Bnni the Sneak (Vine Stalker Brigand)               Turns: 2627, Time: 00:05:19

Health: -4/37      AC: 10    Str: 13    XL:     7   Next: 66%
Magic:  0/8        EV:  5    Int: 11    God:    Uskayaw [*.....]
Gold:   160        SH:  0    Dex: 24    Spells: 6/6 levels left

rFire   . . .      SeeInvis .    a - +5 short sword (speed)
rCold   + . .      Faith    .    (no shield)
rNeg    . . .      Spirit   +    f - +0 chain mail {rC+}
rPois   .          Reflect  .    q - +0 helmet
rElec   .          Harm     .    c - +0 cloak
rCorr   .          Rampage  .    (no gloves)
Will    .....                    (no boots)
Stlth   +                        p - amulet of magic regeneration
HPRegen 1.06/turn                n - +6 ring of dexterity
MPRegen 0.51/turn                t - ring of flight

@: brilliant, lethally poisoned (-4 -> -4), flying
A: fangs 2, regeneration 1, magic shield, antimagic bite, no potion heal 2
a: Renounce Religion, Stomp


You were on level 6 of the Dungeon.
You worshipped Uskayaw.
Uskayaw was noncommittal.
You visited 1 branch of the dungeon, and saw 6 of its levels.

You collected 160 gold pieces.

Inventory:

Hand Weapons
 a - a +5 short sword of speed (weapon)
 s - a +2 dagger of venom
Missiles
 d - 17 poisoned darts (quivered)
 e - 8 curare-tipped darts
 j - 5 javelins
Armour
 c - a +0 cloak (worn)
 f - a +0 chain mail of cold resistance (worn)
 q - a +0 helmet (worn)
 u - a +0 kite shield
Jewellery
 n - a +6 ring of dexterity (left hand)
 p - an amulet of magic regeneration (around neck)
 t - a ring of flight (right hand)
Wands
 w - a wand of polymorph (7)
Scrolls
 b - 2 scrolls of fog {unknown}
 h - 2 scrolls of fear {unknown}
 i - 2 scrolls of teleportation
 l - a scroll of enchant weapon {unknown}
 m - a scroll of brand weapon {unknown}
 r - 3 scrolls of identify {unknown}
 y - a scroll of vulnerability {unknown}
Potions
 g - 3 potions of brilliance
 k - a potion of flight {unknown}
 o - a potion of curing {unknown}
 v - a potion of haste {unknown}
 x - a potion of heal wounds


   Skills:
 + Level 3.9 Fighting
 * Level 5.3 Short Blades
 - Level 1.7 Throwing
 - Level 0.7 Dodging
 + Level 7.7 Stealth


You had 6 spell levels left.
You didn't know any spells.
Your spell library was empty.

Dungeon Overview and Level Annotations

Branches:
Dungeon (7/15)
 Temple: D:4-7

Altars:
Makhleb
Uskayaw

Shops:
D:2 =


Innate Abilities, Weirdness & Mutations

You have extremely sharp teeth.
Your natural rate of healing is unusually fast.
When hurt, damage is shared between your health and your magic reserves.
Your bite disrupts and absorbs the magic of your enemies.
Potions cannot restore your health.


Message History

You drain its power.
The scorpion is heavily wounded.
The scorpion stings you but does no damage.
The vampire gestures wildly while chanting.
The vampire flickers and vanishes!
Deactivating autopickup; reactivate with Ctrl-A.
You hit the scorpion but do no damage.
The scorpion looks as sick as possible!
The scorpion is heavily wounded.
The scorpion stings you.
You are poisoned.
The scorpion poisons you!
You hit the scorpion but do no damage.
The scorpion looks as sick as possible!
The scorpion is severely wounded.
You feel very sick.
You kill the scorpion!
You feel very sick.
You feel sick.
You feel sick.
Your +2 dagger of venom stops dripping with poison.
Your hands tingle!
a - a +5 short sword of speed (weapon)
You feel sick.
You hit something but do no damage.
You feel sick.
You barely miss something. You completely miss something. You bite something.
You feel sick. Something hits you. Something bites you!
Something draws strength from your injuries!
You closely miss something. You bite something. You barely miss something.
You bite something.
You feel sick. Something hits you but does no damage. Something bites you!
* * * LOW HITPOINT WARNING * * *
Something draws strength from your injuries!
It was a potion of brilliance.
You feel clever all of a sudden.
You feel sick. Something hits you!
* * * LOW HITPOINT WARNING * * *
Something completely misses you.
It was a potion of heal wounds.
That seemed strangely inert.
You feel sick. Something hits you!
You die...

..# #..#.#
.##
####..#.#
.
#.....#.#
.
#.###.#.##
. # #.#..#
. ..##.# .
###.# .
#{# #@#
#.# #.#
#.# #.#
#.# #.#
..#


There were no monsters in sight!

Vanquished Creatures
  Sigmund (D:3)
  A bullfrog (D:7)
  2 scorpions (D:6)
  2 howler monkeys
  3 orc priests
  Ijyb (D:3)
  2 orc wizards (D:7)
  Robin (D:3)
  An adder (D:2)
  2 worms
  3 dart slugs
  4 orcs
  6 ball pythons
  7 endoplasms
  2 giant cockroaches (D:2)
  7 hobgoblins
  9 jackals
  2 quokkas (D:3)
  4 bats
  3 frilled lizards
  11 goblins
  4 kobolds
  8 rats
86 creatures vanquished.

Notes
Turn   | Place    | Note
-------+----------+-------------------------------------------
     0 | D:1      | Bnni the Vine Stalker Brigand began the quest for the Orb.
     0 | D:1      | Reached XP level 1. HP: 11/11 MP: 2/2
    56 | D:1      | Reached skill level 5 in Stealth
    63 | D:1      | Reached XP level 2. HP: 15/15 MP: 3/3
   361 | D:1      | Reached XP level 3. HP: 18/18 MP: 4/4
   848 | D:2      | Found Nud Voa's Jewellery Emporium.
   920 | D:2      | Gained mutation: Your natural rate of healing is unusually
                  | fast. [Vine Stalker growth]
   920 | D:2      | Reached XP level 4. HP: 23/23 MP: 5/5
   956 | D:2      | Found a faded altar of an unknown god.
  1457 | D:3      | Reached skill level 6 in Stealth
  1518 | D:3      | Reached XP level 5. HP: 27/27 MP: 4/6
  1566 | D:3      | Noticed Robin
  1572 | D:3      | Killed Robin
  1819 | D:3      | Found a hide-covered altar of Uskayaw.
  1832 | D:3      | Became a worshipper of Uskayaw the Reveller
  1903 | D:3      | Reached * piety under Uskayaw
  1913 | D:3      | Noticed Sigmund
  1925 | D:3      | Killed Sigmund
  1926 | D:3      | Reached XP level 6. HP: 27/32 MP: 5/7
  2041 | D:3      | Found a burning altar of Makhleb.
  2042 | D:3      | Noticed Ijyb
  2082 | D:3      | Reached ** piety under Uskayaw
  2084 | D:3      | Killed Ijyb
  2401 | D:4      | Reached skill level 7 in Stealth
  2448 | D:4      | You are sucked into a shaft and drop 3 floors!
  2480 | D:7      | Reached XP level 7. HP: 27/36 MP: 8/8
  2481 | D:7      | Reached *** piety under Uskayaw
  2490 | D:7      | Reached **** piety under Uskayaw
  2517 | D:6      | Reached skill level 5 in Short Blades
  2573 | D:6      | Noticed a vampire
  2627 | D:6      | Slain by a vampire

Illustrated notes

Levels and vault maps discovered:
D:1:      beargit_arrival_greenhouse, layout_basic
D:2:      layout_basic, serial_shops, nicolae_shop_trees,
          ebering_ecumenical_altar_webs
D:3:      layout_basic, lightli_temple_of_fire, eat_drink_and_be_merry_uskayaw,
          minmay_stone_trees_large, kennysheep_generic_room_9, uniq_ijyb,
          uniq_robin, uniq_sigmund
D:4:      layout_basic, lemuel_crystal_altar, ebering_ghost_inner_flame
D:6:      layout_loops_ring, minmay_temple_entry_junction_2,
          chequers_mini_garden, kennysheep_nub, hellmonk_bongcloud_opening,
          nicolae_good_shop
D:7:      layout_rooms, nemelex_altar_shiori, mainiacjoe_overflow_boulevard

Skill      XL: |  1  2  3  4  5  6  7 |
---------------+----------------------+-----
Stealth        | 5 6 7 |  7.7
Short Blades   | 2 3 4 5 |  5.3
Fighting       | 2 3 |  3.9
Throwing       | |  1.7
Dodging        | |  0.7

Action                   |  1- 3 |  4- 6 |  7- 9 || total
-------------------------+-------+-------+-------++-------
Melee: Dagger            |    82 |   117 |    27 ||   226
       Bite              |    19 |    48 |    16 ||    83
       Punch             |       |     1 |     1 ||     2
       Unarmed           |       |     2 |       ||     2
       Short sword       |       |       |     5 ||     5
Throw: Dart              |       |     2 |       ||     2
  Use: Scroll            |       |     1 |       ||     1
       Potion            |       |       |     2 ||     2
 Stab: Distracted        |     1 |       |       ||     1
       Sleeping          |     1 |       |       ||     1
       Paralysed         |       |       |     1 ||     1
Armor: Chain mail        |    52 |    54 |    10 ||   116
Dodge: Dodged            |    23 |    23 |     4 ||    50

Table legend: (Time is in decaauts)
 A = Elapsed time spent in this place.
 B = Non-inter-level travel time spent in this place.
 C = Inter-level travel time spent in this place.
 D = Time resting spent in this place.
 E = Time spent auto-exploring this place.
 F = Levels seen in this place.
 G = Mean time per level.
                   A        B        C        D        E       F      G
               +--------+--------+--------+--------+--------+-----+--------+
         Total |   2577 |   2389 |    188 |     48 |   1767 |   6 |  429.5 |
       Dungeon |   2577 |   2389 |    188 |     48 |   1767 |   6 |  429.5 |
               +--------+--------+--------+--------+--------+-----+--------+

Top non-repeatable levels by time:
     D:2: 973 daAuts
     D:3: 836 daAuts
     D:1: 500 daAuts
     D:6: 110 daAuts
     D:4: 101 daAuts
     D:7: 56 daAuts
